 Dungeon Crawl Stone Soup version 0.28-a0-845-gfc338a8e3c (webtiles) character file.

Game seed: 434732797368702315

322 Strat the Skirmisher (level 6, -8/49 HPs)
             Began as a Djinni Transmuter on Nov 12, 2021.
             Mangled by a wight (11 damage)
             ... on level 4 of the Dungeon.
             The game lasted 00:11:46 (6954 turns).

Strat the Skirmisher (Djinni Transmuter)            Turns: 6954, Time: 00:11:46

Health: -8/49      AC:  4    Str: 10    XL:     6   Next: 76%
Gold:   195        EV: 12    Int: 15    God:
                   SH:  0    Dex: 14

rFire   + + .      SeeInvis .     - Unarmed
rCold   x . .      Faith    .   (no shield)
rNeg    . . .      Spirit   .   a - +0 robe
rPois   ∞          Reflect  .   (helmet currently unavailable)
rElec   .          Harm     .   m - +1 cloak
rCorr   .          Rampage  .   (no gloves)
Will    .....                   (boots unavailable)
Stlth   +.........              (no amulet)
HPRegen 0.16/turn               (no ring)
MPRegen 0.00/turn               (no ring)

@: appendages (expiring), flying
A: horns 2, flying, sickness immunity, fire resistance 2, cold vulnerability 1,
float, innate caster, hp casting, extra vitality 1
a: End Transformation


You were on level 4 of the Dungeon.
You had temporarily grown beastly horns.
You visited 2 branches of the dungeon, and saw 5 of its levels.

You collected 195 gold pieces.

Inventory:

Hand Weapons
 b - a +1 vorpal hunting sling
Missiles
 h - 99 stones
 i - 36 poisoned darts
Armour
 a - a +0 robe (worn)
 m - a +1 cloak (worn)
Jewellery
 e - an amulet of faith
Scrolls
 c - 6 scrolls of teleportation
 d - a scroll of vulnerability {unknown}
Potions
 f - 3 potions of ambrosia
 g - a potion of mutation
 j - 2 potions of lignification {unknown}
 k - 2 potions of attraction
 l - 2 potions of curing
 n - a potion of might {unknown}
 r - a potion of heal wounds


   Skills:
 + Level 5.2 Fighting
 - Level 2.1 Dodging
 + Level 3.3 Unarmed Combat
 + Level 2.9 Spellcasting


You couldn't memorise any spells.
You knew the following spells:

 Your Spells              Type           Power      Damage    Failure   Level
a - Beastly Appendage     Tmut           20%        N/A       6%          1
b - Wereblood             Tmut           10%        N/A       10%         2
c - Spider Form           Tmut/Pois      10%        N/A       19%         3
d - Ice Form              Ice/Tmut       10%        N/A       52%         4
e - Freeze                Ice            40%        1d6       6%          1
f - Static Discharge      Conj/Air       10%        N/A       10%         2
Your spell library was empty.

Dungeon Overview and Level Annotations

Branches:
Dungeon (4/15)             Temple (1/1) D:4

Altars:
Dithmenos
Fedhas
Gozag
Hepliaklqana
Kikubaaqudgha
Nemelex Xobeh
Qazlal
Ru
Sif Muna
Trog
Uskayaw
Vehumet
Wu Jian
Zin

Annotations:
D:4 Sigmund


Innate Abilities, Weirdness & Mutations

You have temporarily grown beastly horns.
You are flying.
You are immune to sickness and miasma.
You are immune to poison.
Your flesh is very heat resistant. (rF++)
You are vulnerable to cold. (rC-)
You float through the air rather than walking.
You learn spells naturally, not from books.
Your magical power is your life essence.
You have superior vitality. (+4 HP)


Message History

* * * LOW HITPOINT WARNING * * *
You hit the wight but do no damage. You headbutt the wight.
The wight is lightly damaged.
The wight closely misses you.
You hit the wight but do no damage.
You headbutt the wight, but do no damage.
The wight is lightly damaged.
The wight hits you with a +0 flail.
* * * LOW HITPOINT WARNING * * *
You hit the wight.
You headbutt the wight, but do no damage.
Your punch misses the wight.
The wight is heavily damaged.
The wight hits you with a +0 flail.
* * * LOW HITPOINT WARNING * * *
You barely miss the wight.
The wight is heavily damaged.
The wight misses you.
You hit the wight.
You headbutt the wight, but do no damage.
The wight is severely damaged.
The wight hits you with a +0 flail.
* * * LOW HITPOINT WARNING * * *
You hit the wight but do no damage.
The wight is severely damaged.
You closely miss the wight.
The wight is severely damaged.
The wight misses you.
You hit the wight.
The wight is severely damaged.
The wight hits you with a +0 flail!
* * * LOW HITPOINT WARNING * * *
You barely miss the wight.
The wight is severely damaged.
Your transformation is almost over.
The wight closely misses you.
You barely miss the wight.
The wight is severely damaged.
The wight hits you with a +0 flail!
You die...

†....##.####.##.......#
.##..##......##.......#
..#.........###.......#
.##.###.###.# #.......#
.##.# ### #.# #.......#
.##.# #.# ##...[..#
....# #.# #.####.#
######### .#### #.# #z#
#.###........ .# #.#
#@# #.#.)[.......
.####. #.####.#
#.#.#........ ......
#......# #...#(.......
.....## ########
#####........ .......
#.......... .....##
#.......### .......
#.......### .......
#.......##. ...)...
#.......###


You could see a wight.

Vanquished Creatures
  A hound (D:4)
  An orc priest (D:3)
  Natasha (twice) (D:4)
  An orc wizard (D:4)
  2 hound skeletons (D:4)
  6 adders
  A shadow imp (D:4)
  An ufetubus (D:4)
  4 worms
  2 dart slugs (D:1)
  5 orcs
  11 ball pythons
  8 endoplasms
  3 giant cockroaches
  4 goblins
  6 hobgoblins
  3 jackals (D:1)
  2 quokkas (D:4)
  10 bats
  3 frilled lizards
  2 kobolds
  5 rats
83 creatures vanquished.

Vanquished Creatures (others)
  A bat (D:3)
1 creature vanquished.

Grand Total: 84 creatures vanquished

Notes
Turn   | Place    | Note
-------+----------+-------------------------------------------
     0 | D:1      | Strat the Djinni Transmuter began the quest for the Orb.
     0 | D:1      | Reached XP level 1. HP: 17/17 MP: 0/0
   207 | D:1      | Reached skill level 2 in Fighting
   207 | D:1      | Reached XP level 2. HP: 5/23 MP: 0/0
   757 | D:1      | Found a faded altar of an unknown god.
   980 | D:1      | Reached XP level 3. HP: 13/29 MP: 0/0
   980 | D:1      | Learned a level 1 spell: Freeze
  1349 | D:1      | Reached skill level 3 in Fighting
  2217 | D:2      | Reached XP level 4. HP: 33/35 MP: 0/0
  2910 | D:3      | Noticed a +0 short sword
  2910 | D:3      | Noticed a +0 dagger
  2910 | D:3      | Noticed a +0 spear
  2910 | D:3      | Noticed a +0 falchion
  2910 | D:3      | Noticed a +0 dagger
  2910 | D:3      | Noticed a +0 short sword
  2910 | D:3      | Noticed a +0 falchion
  2910 | D:3      | Noticed a +0 spear
  2973 | D:3      | Found a hide-covered altar of Uskayaw.
  2987 | D:3      | Reached skill level 4 in Fighting
  4206 | D:3      | Reached XP level 5. HP: 36/41 MP: 0/0
  4206 | D:3      | Learned a level 2 spell: Static Discharge
  5110 | D:4      | Reached XP level 6. HP: 33/49 MP: 0/0
  5242 | D:4      | Found a staircase to the Ecumenical Temple.
  5258 | Temple   | Entered the Ecumenical Temple
  5404 | D:4      | Noticed Natasha
  5426 | D:4      | Killed Natasha
  5575 | D:4      | Reached skill level 5 in Fighting
  6048 | D:4      | Noticed Natasha
  6067 | D:4      | Killed Natasha
  6435 | D:4      | Identified the +1 scale mail of Daisies {Dex+3}
  6712 | D:4      | Noticed Sigmund
  6954 | D:4      | Mangled by a wight

Illustrated notes

Levels and vault maps discovered:
D:1:      lemuel_arrival_hallway, layout_loops_ring,
          hellmonk_ecumenical_altar_zigzags, eino_curves_04
D:2:      minmay_spotlight, layout_basic
D:3:      layout_loops_ring, nicolae_uskayaw_en_pointe, minmay_snake_closets
D:4:      layout_basic, minmay_temple_entry_wispy, uniq_sigmund, uniq_natasha
Temple:   nicolae_temple_god_jail

Skill      XL: |  1  2  3  4  5  6 |
---------------+-------------------+-----
Fighting       | 2 3 4 5 |  5.2
Spellcasting   | 2 |  2.9
Dodging        | |  2.1
Unarmed Combat | |  3.3

Action                   |  1- 3 |  4- 6 || total
-------------------------+-------+-------++-------
Melee: Unarmed           |   108 |   274 ||   382
       Headbutt          |    13 |    15 ||    28
       Punch             |     1 |     1 ||     2
 Cast: Beastly Appendage |    17 |    22 ||    39
       Spider Form       |       |     8 ||     8
  Use: Scroll            |       |    12 ||    12
 Stab: Sleeping          |       |     2 ||     2
Armor: Robe              |    36 |    57 ||    93
       Skin              |       |     1 ||     1
Dodge: Dodged            |    94 |   168 ||   262

Table legend: (Time is in decaauts)
 A = Elapsed time spent in this place.
 B = Non-inter-level travel time spent in this place.
 C = Inter-level travel time spent in this place.
 D = Time resting spent in this place.
 E = Time spent auto-exploring this place.
 F = Levels seen in this place.
 G = Mean time per level.
                   A        B        C        D        E       F      G
               +--------+--------+--------+--------+--------+-----+--------+
         Total |   6935 |   6634 |    301 |   2414 |   2894 |   5 | 1387.0 |
       Dungeon |   6887 |   6598 |    289 |   2414 |   2870 |   4 | 1721.8 |
        Temple |     47 |     35 |     12 |      0 |     24 |   1 |   47.0 |
               +--------+--------+--------+--------+--------+-----+--------+

Top non-repeatable levels by time:
     D:1: 1892 daAuts
     D:3: 1749 daAuts
     D:4: 1673 daAuts
     D:2: 1572 daAuts
  Temple: 47 daAuts
